Map: Acid Plant LE

Players

Classic - Winner!

  • Race: Protoss Protoss
  • Spawn Location: 5:00

Serral

  • Race: Zerg Zerg
  • Spawn Location: 11:00

Event: WESG 2017 Haikou

VOD

Have the link to the VOD?

Description

Time

  • Played on: March 17, 2018, 5:50 a.m.
  • Length: 9:20

All games in this series

Show
View Real Time Build Order
Export as new Build Order

Classic Protoss - Winner!

Build Orders: 1 Gate Expand, Oracle Opening, Phoenix Opening, Zealot Archon, Archon Drop 

Get SALT Encoding   

  12  0:00  Probe  
  13  0:13  Probe  
  14  0:20  Pylon  
  14  0:25  Probe  
  15  0:38  Probe (Chrono Boost)  
  15  0:40  Gateway  
  16  0:47  Assimilator  
  16  0:48  Probe (Chrono Boost)  
  17  0:53  Probe (Chrono Boost)  
  18  1:04  Probe  
  19  1:16  Probe  
  20  1:24  Nexus  
  20  1:28  Probe  
  21  1:37  Cybernetics Core  
  21  1:41  Probe  
  21  1:46  Assimilator  
  22  1:52  Pylon  
  22  1:54  Probe  
  23  2:10  Probe  
  23  2:12  Adept (Chrono Boost)  
  26  2:17  Stargate  
  26  2:22  Probe  
  27  2:27  Warp Gate  
  27  2:31  Adept  
  27  2:35  Probe (Chrono Boost)  
  27  2:37  Probe (Chrono Boost)  
  32  2:45  Probe (Chrono Boost)  
  32  2:46  Probe (Chrono Boost)  
  32  2:50  Probe (Chrono Boost)  
  32  2:51  Probe (Chrono Boost)  
  35  3:01  Probe  
  35  3:02  Phoenix (Chrono Boost)  
  35  3:03  Probe  
  39  3:12  Pylon  
  39  3:14  Probe  
  39  3:15  Probe  
  39  3:16  Gateway  
  39  3:19  Oracle (Chrono Boost)  
  41  3:26  Probe  
  45  3:27  Probe  
  45  3:28  Assimilator  
  45  3:32  Assimilator  
  46  3:38  Probe  
  46  3:39  Probe  
  48  3:42  Robotics Facility  
  48  3:48  Pylon  
  48  3:50  Probe  
  48  3:51  Probe  
  50  3:55  Twilight Council  
  50  4:02  Probe  
  51  4:03  Probe  
  52  4:14  Probe  
  52  4:15  Probe  
  54  4:25  Gateway  
  54  4:26  Warp Prism (Chrono Boost)  
  54  4:27  Gateway  
  56  4:32  Charge  
  56  4:34  Templar Archives  
  56  4:36  Pylon  
  56  4:38  Zealot  
  58  4:39  Zealot  
  60  4:48  Probe  
  60  5:01  Nexus  
  60  5:02  Pylon  
  60  5:15  Gateway  
  60  5:16  Gateway  
  60  5:22  High Templar x4  
  60  5:24  Gateway  
  60  5:26  Archon x2, Gateway  
  68  5:33  Immortal (Chrono Boost)  
  68  5:46  Pylon  
  68  5:49  Pylon  
  68  5:58  Zealot x2, Sentry x2  
  68  6:02  Immortal (Chrono Boost)  
  76  6:06  Pylon  
  76  6:08  Probe x2  
  82  6:15  Probe  
  83  6:22  Sentry x2  
  83  6:23  Zealot x4  
  95  6:26  Zealot  
  95  6:29  Zealot  
  99  6:40  Pylon  
  99  6:48  High Templar x2  
  99  6:50  Zealot x5  
  99  6:52  Archon  
  99  6:53  Zealot  
  115  6:58  Pylon  
  115  7:09  Pylon  
  115  7:12  Zealot x5  
  110  7:23  Zealot x2  
  110  7:24  Zealot  
  110  7:29  Zealot x2  
  106  7:34  Zealot x2  
  106  7:36  Zealot  
  88  7:52  Zealot  
  88  7:53  Zealot x4  
  88  7:54  Zealot  
  88  7:58  Zealot  
  100  8:03  Zealot  
  88  8:14  Zealot x5  
  92  8:21  Zealot x2  
  88  8:30  Probe x3  
  81  8:35  Immortal (Chrono Boost)  
  85  8:45  High Templar x4  
  85  8:46  High Templar x4  
  101  8:51  Archon  
  101  8:52  Archon x3  
  101  8:54  Probe x2  
  101  8:55  Probe  
Show
View Real Time Build Order
Export as new Build Order

Serral Zerg 

Build Orders: Hatch First 

Get SALT Encoding   

  12  0:00  Drone  
  13  0:12  Overlord  
  13  0:16  Drone  
  14  0:30  Drone x2  
  14  0:35  Drone  
  17  0:51  Hatchery  
  17  0:54  Drone  
  17  0:57  Drone  
  18  1:08  Extractor  
  17  1:12  Spawning Pool  
  17  1:15  Drone  
  17  1:18  Drone  
  18  1:28  Drone  
  19  1:38  Overlord  
  19  1:49  Drone  
  20  1:59  Queen  
  20  2:00  Zergling x2  
  23  2:03  Queen  
  23  2:04  Zergling x2  
  23  2:07  Metabolic Boost  
  26  2:10  Drone  
  26  2:14  Drone  
  28  2:21  Drone  
  29  2:24  Drone  
  30  2:31  Drone  
  30  2:36  Drone  
  32  2:43  Hatchery  
  31  2:46  Queen  
  31  2:51  Overlord  
  33  2:56  Drone x2  
  33  2:58  Drone  
  36  3:10  Drone x2, Overlord  
  36  3:11  Drone x2  
  40  3:18  Drone  
  41  3:22  Drone, Queen  
  44  3:28  Overlord  
  44  3:32  Drone  
  45  3:37  Overlord  
  45  3:38  Drone  
  47  3:48  Drone x3, Spore Crawler  
  47  3:52  Drone x2, Spore Crawler  
  47  3:55  Overlord, Queen  
  51  4:04  Lair  
  51  4:07  Drone x4  
  55  4:12  Overlord  
  55  4:16  Spore Crawler x2  
  53  4:18  Drone  
  53  4:20  Drone  
  53  4:24  Drone x3  
  55  4:27  Drone x3  
  59  4:34  Roach Warren  
  59  4:36  Extractor  
  59  4:37  Drone x2, Extractor  
  58  4:40  Drone x2  
  58  4:43  Overlord  
  60  4:45  Drone  
  60  4:46  Drone  
  60  4:47  Drone  
  62  4:53  Zergling x8  
  62  4:59  Zergling x2  
  66  5:03  Drone x2  
  66  5:06  Overlord  
  68  5:10  Overlord  
  68  5:13  Glial Reconstitution  
  70  5:14  Roach x4  
  76  5:22  Roach x3  
  76  5:23  Extractor, Evolution Chamber  
  80  5:30  Roach x2  
  80  5:31  Roach x2  
  80  5:32  Drone  
  89  5:36  Drone x3  
  89  5:37  Drone  
  89  5:38  Drone x2  
  89  5:42  Drone, Spore Crawler  
  94  5:49  Overlord  
  94  5:50  Zerg Missile Weapons Level 1  
  94  5:53  Roach x2  
  94  5:55  Drone x2  
  94  5:56  Drone  
  99  5:58  Drone  
  99  6:01  Drone, Extractor  
  99  6:03  Extractor  
  99  6:04  Overseer  
  99  6:06  Overlord  
  99  6:11  Overlord  
  99  6:13  Drone x3  
  99  6:15  Roach  
  104  6:18  Roach x2  
  104  6:19  Roach x2  
  110  6:33  Overlord  
  110  6:34  Hatchery  
  110  6:36  Drone x2  
  110  6:37  Drone  
  112  6:40  Overlord  
  112  6:46  Roach x6  
  122  6:49  Overlord  
  126  6:54  Roach x4  
  126  6:58  Ravager x3  
  126  7:00  Ravager  
  126  7:01  Ravager  
  135  7:02  Overlord x2  
  135  7:04  Roach x2  
  139  7:09  Roach x5  
  139  7:12  Overlord  
  139  7:14  Roach  
  136  7:24  Roach  
  136  7:25  Roach x4  
  115  7:32  Roach x4  
  115  7:33  Roach, Queen  
  122  7:38  Roach x4  
  126  7:45  Roach x2  
  126  7:50  Roach  
  124  7:54  Roach  
  109  7:59  Roach x2  
  109  8:03  Roach x3  
  109  8:05  Queen  
  95  8:13  Roach x3  
  95  8:18  Roach x2  
  96  8:22  Roach  
  90  8:27  Roach  
  90  8:33  Roach  
  92  8:37  Roach  
  90  8:47  Roach  
  92  8:54  Roach  
  94  8:56  Roach  
  94  9:01  Roach  
Tags
 
Add a new tag
Caveats
  • Supply blocks, unpowered buildings, or Contaminate may cause inaccurate times.
  • Supply counts are checked every 10 seconds.